[Event "*** SCC Grand Prix: Titled Tuesday Blitz"]
[Site "Chess.com"]
[Date "2020.10.13"]
[Round "1"]
[White "Yaacovn"]
[Black "andresgv36"]
[Result "1-0"]
[WhiteElo "2765"]
[BlackElo "2400"]
[TimeControl "180+1"]
[EndTime "10:05:38 PDT"]
[Termination "Yaacovn won by resignation"]

1. d4 Nf6 2. e3 d5 3. Bd3 e6 4.
Nd2 c5 5. c3 Nc6 6. f4 Bd6 7.
Ngf3 O-O 8. Ne5 Ne7 9. O-O b6 10. g4 Bb7 11. Qf3 Ng6 12. g5 Ne8 13. Qh5 Bxe5 14.
fxe5 Qe7 15. Rf3 f5 16. gxf6 gxf6 17. Bxg6 hxg6 18. Qxg6+ Qg7 19. Qxg7+ Kxg7 20. Rg3+ Kf7 21. Nf3 f5 22. b3 Ng7 23. Ba3 Rac8 24. Ng5+ Ke8 25.
Nh7 Rf7 26. Nf6+ Kd8 27. Kf2 cxd4 28. exd4 f4 29. Rh3 Kc7 30. Bd6+ Kc6 31. Rh7 1-0

[Event "*** SCC Grand Prix: Titled Tuesday Blitz"]
[Site "Chess.com"]
[Date "2020.10.13"]
[Round "1"]
[White "Alexander_Zubov"]
[Black "kran900"]
[Result "1-0"]
[WhiteElo "2936"]
[BlackElo "2481"]
[TimeControl "180+1"]
[EndTime "10:05:39 PDT"]
[Termination "Alexander_Zubov won by resignation"]

1. d4 d5 2. c4 e6 3. Nc3 Nf6 4. Bg5 Be7 5. e3 O-O 6. Nf3 Ne4 7. Bxe7 Qxe7 8. cxd5 Nxc3 9. bxc3 exd5 10. Qb3 c6 11. c4 dxc4 12. Bxc4 Nd7 13. O-O Nb6 14. Bd3 Bg4 15. Nd2 Nd5 16. Rac1 Kh8 17. Rfe1 f5 18. Nc4 Bh5 19. Ne5 Rab8 20. Bc4 Nb6 21. Bd3 Qg5 22. f4 Qe7 23. Qb1 Qe6 24. Bc2 Be8 25. Bb3 Qh6 26. Rf1 Rf6 27. Rf3 g5 28. fxg5 Qxg5 29. Rg3 1-0

[Event "*** SCC Grand Prix: Titled Tuesday Blitz"]
[Site "Chess.com"]
[Date "2020.10.13"]
[Round "1"]
[White "sopo-tereladze"]
[Black "LionTheLeon_06"]
[Result "0-1"]
[WhiteElo "2305"]
[BlackElo "2637"]
[TimeControl "180+1"]
[EndTime "10:05:39 PDT"]
[Termination "LionTheLeon_06 won by resignation"]

1. d4 Nf6 2. Nf3 b6 3. Bf4 Bb7 4. e3 e6 5. h3 c5 6. c3 cxd4 7. exd4 Be7 8. Bd3 O-O 9. Nbd2 d6 10. O-O a6 11. Re1 Nbd7 12. Qe2 Re8 13. Ng5 Nf8 14. Nge4 Ng6 15. Bg3 Nd5 16. Bc2 f5 17. Nc5 dxc5 18.
Qxe6+ Kh8 19. Qxf5 cxd4 20. cxd4 Qc8 21. Qxc8 Raxc8 22. Bf5 Rcd8 23. Nc4 b5 24. Bxg6 hxg6 25. Ne5 Kh7 26.
Nf7 Rc8 27. Be5 Kg8 28. Nd6 Bxd6 29. Bxd6 Kf7 30. Bc5 Rxe1+ 31. Rxe1 Re8 32. Rc1 Re2 33. Ba3 b4 34. Bxb4 Nxb4 35. Rc7+ Re7 36. Rxb7 Rxb7 0-1

[Event "*** SCC Grand Prix: Titled Tuesday Blitz"]
[Site "Chess.com"]
[Date "2020.10.13"]
[Round "1"]
[White "saraswathii"]
[Black "econpower"]
[Result "1-0"]
[WhiteElo "2386"]
[BlackElo "2704"]
[TimeControl "180+1"]
[EndTime "10:05:43 PDT"]
[Termination "saraswathii won on time"]

1. e4 d6 2. d3 Nf6 3. Nf3 c5 4. g3 g6 5. Bg2 Bg7 6. O-O O-O 7. c3 Nc6 8. Qe2 e5 9. a3 Re8 10. b4 a6 11. Nbd2 Qc7 12. Nc4 d5 13. Ncd2 d4 14.
Bb2 cxb4 15. cxd4 bxa3 16. Rxa3 exd4 17. Nxd4 Bg4 18. N4f3 Nxe4 19. Nxe4 f5 20. Bxg7 Qxg7 21. Qa2+ Kh8 22. Nd6 Re7 23. Ng5 Ne5 24. d4 h6 25.
Ne6 Qf6 26. dxe5 Qxe6 27. Qxe6 Rxe6 28. f4 1-0

[Event "*** SCC Grand Prix: Titled Tuesday Blitz"]
[Site "Chess.com"]
[Date "2020.10.13"]
[Round "1"]
[White "sjam6687"]
[Black "Klavdia_Nik"]
[Result "1-0"]
[WhiteElo "2530"]
[BlackElo "2134"]
[TimeControl "180+1"]
[EndTime "10:05:43 PDT"]
[Termination "sjam6687 won on time"]

1. d4 Nf6 2. c4 c5 3. d5 b5 4.
Nc3 bxc4 5. e4 d6 6. Bxc4 g6 7. f4 Bg7 8. Nf3 O-O 9. O-O Nfd7 10. Qe2 Nb6 11. Bd3 Bg4 12. Be3 Bxf3 13. Rxf3 N8d7 14.
g4 a5 15. h4 a4 16. a3 Nf6 17. Qg2 Qc8 18. g5 Nh5 19. Be2 Nd7 20. Rf2 Bxc3 21. bxc3 Ng7 22. h5 Rb8 23. hxg6 fxg6 24. Qh3 Qb7 25. Rh2 Qb2 26. Rf1 1-0

[Event "*** SCC Grand Prix: Titled Tuesday Blitz"]
[Site "Chess.com"]
[Date "2020.10.13"]
[Round "1"]
[White "exoticprincess"]
[Black "ChainsOfFantasia"]
[Result "1-0"]
[WhiteElo "2874"]
[BlackElo "2453"]
[TimeControl "180+1"]
[EndTime "10:05:44 PDT"]
[Termination "exoticprincess won by resignation"]

1. b3 e5 2. Bb2 Nc6 3. Nf3 Bd6 4. e3 Nf6 5. d3 O-O 6. Nbd2 Re8 7. Be2 Bf8 8. c4 d5 9. cxd5 Nxd5 10. a3 a5 11. O-O f6 12. Qc2 Kh8 13. Rac1 Bf5 14. Rfe1 Bg6 15. Bf1 Qd7 16. Qb1 f5 17. Nc4 e4 18.
dxe4 fxe4 19. Nfe5 Nxe5 20. Nxe5 Qf5 21. Nxg6+ Qxg6 22. g3 c6 23. Bg2 Bd6 24. Rc4 Nf6 25. Rd1 Re6 26. Rcd4 Bc7 27. b4 Rf8 28. bxa5 Bxa5 29. Qa2 Ng4 30. Rd7 Ne5 31. Rxb7 Qf5 32. Ba1 Rf7 33. Rb8+ Rf8 34. Rxf8+ Qxf8 35. Qxe6 1-0

[Event "*** SCC Grand Prix: Titled Tuesday Blitz"]
[Site "Chess.com"]
[Date "2020.10.13"]
[Round "1"]
[White "FMJoseHerrera"]
[Black "LubovMarkelova"]
[Result "1-0"]
[WhiteElo "2565"]
[BlackElo "2219"]
[TimeControl "180+1"]
[EndTime "10:05:44 PDT"]
[Termination "FMJoseHerrera won by resignation"]

1. Nf3 d5 2. g3 Nf6 3. Bg2 Bf5 4. d3 h6 5. O-O c6 6. c3 e6 7. Qb3 Qb6 8. Be3 Bc5 9. Bxc5 Qxc5 10. Qxb7 O-O 11.
Qxa8 Qb6 12. Nd4 Qxb2 13. Nb3 c5 14. c4 Qxe2 15. cxd5 Bxd3 16. dxe6 fxe6 17. Nxc5 Qb2 18. Nxd3 Qxa1 19. Qxa7 Ng4 20. Nf4 Qe5 21. Ng6 Qh5 22. h3 Qxg6 23. hxg4 Qxg4 24. Nc3 Qc4 25. Ne4 Nc6 26. Qd7 Nd4 27. a4 Ne2+ 28. Kh2 Nd4 29. Nd6 Ne2 1-0

[Event "*** SCC Grand Prix: Titled Tuesday Blitz"]
[Site "Chess.com"]
[Date "2020.10.13"]
[Round "1"]
[White "AungTZ"]
[Black "m_ezat"]
[Result "0-1"]
[WhiteElo "2144"]
[BlackElo "2530"]
[TimeControl "180+1"]
[EndTime "10:05:45 PDT"]
[Termination "m_ezat won by checkmate"]

1. e4 c6 2. d4 d5 3. Nc3 dxe4 4. Nxe4 Nf6 5. Nxf6+ exf6 6. Nf3 Bd6 7. Bd3 O-O 8. h3 Bf5 9. O-O Bxd3 10. Qxd3 Nd7 11. Be3 c5 12. dxc5 Nxc5 13. Bxc5 Bxc5 14. Qe4 Qb6 15. b3 Rfe8 16. Qa4 Re2 17. c4 Rd8 18. Rfd1 Rde8 19. Kh1 g6 20. Rd7 Bxf2 21. Rad1 Bg3 22. Ng1 Re1 23. R7d3 Qxg1# 0-1

[Event "*** SCC Grand Prix: Titled Tuesday Blitz"]
[Site "Chess.com"]
[Date "2020.10.13"]
[Round "1"]
[White "szefru"]
[Black "IMDT02"]
[Result "0-1"]
[WhiteElo "2234"]
[BlackElo "2572"]
[TimeControl "180+1"]
[EndTime "10:05:49 PDT"]
[Termination "IMDT02 won by resignation"]

1. c4 e5 2. Nc3 Nf6 3. g3 Nc6 4. Bg2 Bc5 5. e3 d5 6. cxd5 Nb4 7. d4 exd4 8. exd4 Be7 9. Nf3 O-O 10.
O-O Nbxd5 11. Ne5 c6 12. Bg5 Be6 13. Re1 h6 14. Bd2 Nxc3 15. bxc3 Bd5 16. Bxd5 Nxd5 17. Qf3 Bf6 18. Ng4 Bg5 19. Bxg5 Qxg5 20. h4 Qg6 21. h5 Qxh5 22. Re5 f5 23. Rxd5 Qxg4 24. Qxg4 fxg4 25.
Rd7 Rf7 26. Rxf7 Kxf7 27. Rb1 b5 28. Kg2 Re8 29. a4 a6 30. axb5 axb5 31. Ra1 Ke6 32.
Ra7 Re7 33. Ra6 Kd5 34. f3 Re2+ 35. Kf1 gxf3 36. Ra7 g5 37. Rh7 Rg2 38. Rxh6 g4 39. Rh5+ Ke4 40. Rc5 Rxg3 41. Rxc6 Rh3 42. Re6+ Kf4 43. Rf6+ Kg3 44. Ke1 Rh1+ 45. Kd2 f2 46. Ke2 Re1+ 47. Kd2 f1=Q 48. Rxf1 Rxf1 49. d5 Rf8 50.
Kd3 Kf4 51. Kd4 g3 0-1

[Event "*** SCC Grand Prix: Titled Tuesday Blitz"]
[Site "Chess.com"]
[Date "2020.10.13"]
[Round "1"]
[White "Kapibara_Warri0r"]
[Black "draksbg"]
[Result "0-1"]
[WhiteElo "2093"]
[BlackElo "2524"]
[TimeControl "180+1"]
[EndTime "10:05:49 PDT"]
[Termination "draksbg won by checkmate"]

1. e4 c5 2. Nf3 Nc6 3. d4 cxd4 4.
Nxd4 Qc7 5. c4 Nf6 6. Nc3 e6 7. Be3 Bb4 8. Bd3 O-O 9. O-O Nxd4 10. Bxd4 Bc5 11. Bxf6 gxf6 12. Qg4+ Kh8 13. e5 f5 14.
Bxf5 exf5 15. Qxf5 Be7 16. Nd5 Qd8 17. Rad1 d6 18. Qh5 Be6 19. Nxe7 Qxe7 20. exd6 Qf6 21. b3 Rg8 22. h3 Rad8 23. Kh1 Rg5 24. Qe2 Rdg8 25. d7 Bxd7 26. Rxd7 Rxg2 27. Re7 R2g5 28. f4 Rf5 29. Re5 Rxf4 30. Rxf4 Qxf4 31. Re4 Qf5 32. Qb2+ f6 33. Re3 Qf1+ 34. Kh2 Qg1# 0-1

[Event "*** SCC Grand Prix: Titled Tuesday Blitz"]
[Site "Chess.com"]
[Date "2020.10.13"]
[Round "1"]
[White "vugarrasulov"]
[Black "mjray79"]
[Result "1-0"]
[WhiteElo "2824"]
[BlackElo "2420"]
[TimeControl "180+1"]
[EndTime "10:05:52 PDT"]
[Termination "vugarrasulov won by resignation"]

1. e4 e5 2. Nf3 Nc6 3. Bb5 a6 4. Ba4 Nf6 5. Bxc6 dxc6 6. d3 Bg4 7. Nbd2 Bd6 8. h3 Bd7 9. Nc4 Qe7 10. b3 Bb4+ 11. Bd2 Bd6 12. Bc3 Bb4 13. Qd2 Bxc3 14. Qxc3 O-O-O 15. O-O-O Be6 16. Ncxe5 Nh5 17. Kb1 Nf4 18. g3 Nxh3 19. Qd2 f6 20. Nc4 Bg4 21. Qe3 Kb8 22. Rde1 Qb4 23. e5 Rhe8 24. Nfd2 Ng5 25. f3 Be6 26. f4 Nf7 27. Rxh7 fxe5 28. Nxe5 Nxe5 29. fxe5 g6 30. Kb2 Rd5 31. a3 Qg4 32. Qf4 Qxf4 33. gxf4 Bf5 34. Ne4 Rd4 35. Rg7 Re6 36.
Kc3 c5 37. Nxc5 1-0

[Event "*** SCC Grand Prix: Titled Tuesday Blitz"]
[Site "Chess.com"]
[Date "2020.10.13"]
[Round "1"]
[White "Omk124"]
[Black "Zhigalko_Sergei"]
[Result "0-1"]
[WhiteElo "2475"]
[BlackElo "2925"]
[TimeControl "180+1"]
[EndTime "10:05:53 PDT"]
[Termination "Zhigalko_Sergei won by resignation"]

1. e4 c5 2. Nf3 Nc6 3. d4 cxd4 4. Nxd4 Nf6 5. Nc3 e5 6. Ndb5 d6 7. a4 a6 8. Na3 Bg4 9. f3 Be6 10. Bc4 Rc8 11. Be3 Nb4 12. Nd5 Nbxd5 13. exd5 Nxd5 14.
Bxd5 Qa5+ 15. c3 Qxd5 16. Qxd5 Bxd5 17. Kf2 Be7 18. a5 f5 19. Rhd1 Bb3 20. Rd3 Kf7 21. g3 g5 22. f4 gxf4 23. gxf4 Ke6 24. Rg1 Rhg8 25. Rxg8 Rxg8 26. c4 Ba4 27. b4 Bc6 28.
Rd2 Be4 29. Kf1 Rg4 30. Rf2 Bh4 31. Rd2 exf4 32. Bf2 Rg2 33. b5 Rxh2 34. bxa6 bxa6 0-1

[Event "*** SCC Grand Prix: Titled Tuesday Blitz"]
[Site "Chess.com"]
[Date "2020.10.13"]
[Round "1"]
[White "NMZanette"]
[Black "Chesswizard_2007"]
[Result "0-1"]
[WhiteElo "2228"]
[BlackElo "2568"]
[TimeControl "180+1"]
[EndTime "10:05:55 PDT"]
[Termination "Chesswizard_2007 won by resignation"]

1. e4 a5 2. d4 b6 3. a4 Ba6 4. c4 g6 5. Nc3 h5 6. Nf3 Nc6 7.
Be3 Bh6 8. Bxh6 Nxh6 9. Be2 d6 10.
O-O e5 11. Nd5 O-O 12. Qd2 Kg7 13. b4 axb4 14. Nxb4 Nxb4 15. Qxb4 exd4 16. Qb2 c5 17. h3 f6 18. Rab1 Rb8 19. Rfe1 Nf7 20. Nd2 Qc7 21.
f4 Rb7 22. Nf3 Rbb8 23. Bd3 Rfe8 24. Re2 g5 25. fxg5 fxg5 26. Qd2 Qd8 27. Rf1 Qe7 28. Ref2 Rf8 29. h4 gxh4 30. Qf4 Ne5 31. Qh2 Ng4 32. Qh3 Nxf2 33. Rxf2 Rf4 34. e5 dxe5 35. Re2 e4 36.
Nd2 e3 37. Nf3 Rbf8 38. Qh2 Bb7 0-1

[Event "*** SCC Grand Prix: Titled Tuesday Blitz"]
[Site "Chess.com"]
[Date "2020.10.13"]
[Round "1"]
[White "Evachess2006"]
[Black "Mikedannnn"]
[Result "0-1"]
[WhiteElo "1621"]
[BlackElo "2496"]
[TimeControl "180+1"]
[EndTime "10:05:57 PDT"]
[Termination "Mikedannnn won by resignation"]

1. e4 c5 2. c3 Nf6 3. e5 Nd5 4. d4 cxd4 5. Nf3 e6 6. cxd4 b6 7. Nc3 Bb7 8. Be2 Be7 9. O-O O-O 10. Be3 d6 11. a3 Nd7 12. Qc2 Rc8 13. Rac1 dxe5 14. Nxe5 Nxe5 15. dxe5 Nxe3 16. fxe3 Bc5 17. Bd3 Bxe3+ 18. Kh1 Bxc1 19. Bxh7+ Kh8 20. Rxc1 Qg5 21. Rf1 g6 22. Bxg6 fxg6 23. Rd1 Rcd8 24. Rg1 Rd2 0-1

[Event "*** SCC Grand Prix: Titled Tuesday Blitz"]
[Site "Chess.com"]
[Date "2020.10.13"]
[Round "1"]
[White "Anton_Demchenko"]
[Black "kingofthenil"]
[Result "1/2-1/2"]
[WhiteElo "2817"]
[BlackElo "2430"]
[TimeControl "180+1"]
[EndTime "10:06:02 PDT"]
[Termination "Game drawn by repetition"]

1. e4 Nc6 2. Nf3 d5 3. exd5 Qxd5 4. Nc3 Qh5 5. Be2 Bg4 6. h3 O-O-O 7. O-O Bxh3 8.
gxh3 Qxh3 9. Ng5 Qh4 10. Nxf7 Nh6 11. Nxd8 e6 12. Bf3 Bd6 13. Re1 Nd4 14. Re4 Qh2+ 15. Kf1 Nhf5 16. Nxe6 Ng3+ 17. fxg3 Bxg3 18. Re2 Qh3+ 19.
Rg2 Qh1+ 20. Rg1 Qh3+ 21. Rg2 Qh1+ 22. Rg1 Qh3+ 23. Rg2 1/2-1/2

[Event "*** SCC Grand Prix: Titled Tuesday Blitz"]
[Site "Chess.com"]
[Date "2020.10.13"]
[Round "1"]
[White "norwaytoadog"]
[Black "ManuDavid2910"]
[Result "0-1"]
[WhiteElo "2316"]
[BlackElo "2647"]
[TimeControl "180+1"]
[EndTime "10:06:02 PDT"]
[Termination "ManuDavid2910 won on time"]

1. e4 c5 2. Nf3 Nc6 3. Bb5 e6 4. Bxc6 bxc6 5. d3 d5 6. O-O Ba6 7. e5 Ne7 8. b3 Ng6 9. Re1 Be7 10.
c4 O-O 11. Nc3 f6 12. Bb2 fxe5 13. Nxe5 Nxe5 14. Rxe5 Qd6 15. Qe2 Bc8 16. Re1 Bf6 17.
Re3 Bxc3 18. Bxc3 d4 19. Re5 dxc3 20. Qc2 Bd7 21. Qxc3 Qd4 22. Qd2 Rf6 23. R1e4 Qd6 24. f4 Raf8 25. g3 Rf5 26. Qe3 g5 27. Rxf5 exf5 28. Re5 gxf4 29. gxf4 Qd4 30. Kf2 Re8 31. Qxd4 cxd4 32. Ra5 Ra8 33. c5 Kf7 34. Ra6 Ke6 35.
b4 Kd5 36. a3 Bc8 37. Ra5 a6 38. a4 Bb7 39. b5 axb5 40. Rxa8 Bxa8 41. a5 Kxc5 42.
Kg3 b4 0-1

[Event "*** SCC Grand Prix: Titled Tuesday Blitz"]
[Site "Chess.com"]
[Date "2020.10.13"]
[Round "1"]
[White "FairChess_on_YouTube"]
[Black "Ajedrez_con_German"]
[Result "1-0"]
[WhiteElo "2996"]
[BlackElo "2488"]
[TimeControl "180+1"]
[EndTime "10:06:04 PDT"]
[Termination "FairChess_on_YouTube won by resignation"]

1. d4 e6 2. Nf3 Nf6 3. Bg5 c5 4. Nc3 cxd4 5. Qxd4 Nc6 6. Qh4 Be7 7. O-O-O Qa5 8. e4 a6 9. Kb1 Ne5 10. Nxe5 Qxe5 11. f4 Qc5 12. e5 Ng8 13. Ne4 Qb4 14. Bd3 Bf8 15. Rhf1 b5 16. a3 Qa5 17. f5 Bb7 18.
fxe6 dxe6 19. Nd6+ Bxd6 20. exd6 f6 21. d7+ Kxd7 22.
Be4+ Kc7 23. Qg3+ e5 24. Bd2 1-0

[Event "*** SCC Grand Prix: Titled Tuesday Blitz"]
[Site "Chess.com"]
[Date "2020.10.13"]
[Round "1"]
[White "maciek_92"]
[Black "Slovak_fighter2000"]
[Result "1-0"]
[WhiteElo "2776"]
[BlackElo "2404"]
[TimeControl "180+1"]
[EndTime "10:06:05 PDT"]
[Termination "maciek_92 won by checkmate"]

1. e4 e6 2. d4 d5 3. exd5 exd5 4.
Bd3 c5 5. Nf3 Nf6 6. O-O c4 7.
Re1+ Be7 8. Bf1 O-O 9. h3 Nc6 10. c3 Bf5 11. Bf4 Re8 12. Nbd2 Ne4 13. Nxe4 Bxe4 14.
Nd2 Bf5 15. Qf3 Qd7 16. b3 cxb3 17. axb3 Bf6 18. g4 Bg6 19. Bg2 Red8 20. b4 a6 21.
Qg3 Be7 22. h4 h5 23. gxh5 Bxh5 24. Bh3 Qe8 25. Nf3 Bxf3 26. Qxf3 Qf8 27. Kh1 Bd6 28. Be3 Bc7 29. Rg1 Qd6 30. Rg2 Kf8 31. Rag1 Ne7 32. Rg3 a5 33. b5 a4 34. R1g2 g6 35. h5 a3 36. hxg6 f6 37. g7+ Kg8 38. Qh5 a2 39. Qh8+ Kf7 40. g8=Q+ Rxg8 41. Rg7+ Rxg7 42. Rxg7# 1-0

[Event "*** SCC Grand Prix: Titled Tuesday Blitz"]
[Site "Chess.com"]
[Date "2020.10.13"]
[Round "1"]
[White "Bulldog167"]
[Black "lucachess49"]
[Result "0-1"]
[WhiteElo "2745"]
[BlackElo "2411"]
[TimeControl "180+1"]
[EndTime "10:06:07 PDT"]
[Termination "lucachess49 won by resignation"]

1. e4 e5 2. f4 Nc6 3. Nf3 exf4 4. d4 d5 5. exd5 Qxd5 6. c4 Bb4+ 7. Kf2 Qd8 8. Bxf4 Nf6 9. Nc3 Ng4+ 10. Kg3 h5 11. h4 O-O 12. Bd3 g6 13. Nd5 Bd6 14. Qd2 Be6 15. Nc3 Ne7 16. Bxd6 Qxd6+ 17. Qf4 Qxf4+ 18. Kxf4 Nf2 19. Rhd1 Nxd1 20. Rxd1 c6 21. Ne4 Kg7 22. Nc5 Bf5 23. b3 Bxd3 24. Rxd3 b6 25. Ne4 Rad8 26. Ne5 f6 27. Nf3 Nf5 28. g3 Rd7 29. Nc3 Rfd8 30. d5 Ne7 31. Ke4 Re8 32.
Kf4 cxd5 33. cxd5 Rc8 34. d6 Rxc3 35. dxe7 Rdxd3 36. Ne5 fxe5+ 37. Kg5 Kf7 0-1

[Event "*** SCC Grand Prix: Titled Tuesday Blitz"]
[Site "Chess.com"]
[Date "2020.10.13"]
[Round "1"]
[White "CM_rui"]
[Black "Revnov"]
[Result "0-1"]
[WhiteElo "2353"]
[BlackElo "2697"]
[TimeControl "180+1"]
[EndTime "10:06:07 PDT"]
[Termination "Revnov won by resignation"]

1. e4 c5 2. Nf3 Nc6 3. c4 e5 4.
Nc3 d6 5. d3 f5 6. Be2 Nf6 7.
O-O Be7 8. a3 O-O 9. Rb1 a5 10.
Nd5 a4 11. Bg5 Nxd5 12. cxd5 Bxg5 13. dxc6 bxc6 14. Nxg5 Qxg5 15. Bf3 Be6 16. exf5 Bb3 17. Qe2 Rac8 18. Bg4 Bd5 19. f3 Rb8 20. Kh1 Rb3 21. Qf2 Rxd3 22. Rbd1 Rd4 23. Rxd4 cxd4 24. Qc2 h5 25. Bh3 Qe3 26. Qxa4 d3 27. Qd1 d2 28. Qa1 Bc4 29. Rg1 Be2 30. b4 Qxg1+ 31. Kxg1 d1=Q+ 32.
Qxd1 Bxd1 33. Kf2 Ra8 34. Ke3 Rxa3+ 35. Kd2 Ba4 0-1

[Event "*** SCC Grand Prix: Titled Tuesday Blitz"]
[Site "Chess.com"]
[Date "2020.10.13"]
[Round "1"]
[White "GM_LOADING"]
[Black "MITerryble"]
[Result "0-1"]
[WhiteElo "2477"]
[BlackElo "2933"]
[TimeControl "180+1"]
[EndTime "10:06:08 PDT"]
[Termination "MITerryble won by resignation"]

1. e4 e6 2. d4 d5 3. Nc3 Nf6 4. Bg5 Bb4 5. e5 h6 6. Be3 Ne4 7. Qg4 Kf8 8. a3 Bxc3+ 9. bxc3 Nxc3 10. Bd3 c5 11. dxc5 Nc6 12. Nf3 f5 13. Qh5 Qe8 14. Qh3 Qf7 15. O-O Kg8 16. Bd4 Ne4 17. c3 g5 18. Bxe4 dxe4 19. Nd2 Na5 20. f3 exf3 21. Qxf3 Bd7 22. Ne4 Bc6 23. Nf6+ Qxf6 24. exf6 Bxf3 25. Rxf3 Kf7 26. Rb1 a6 27. Be5 Rac8 28. Rd3 Rxc5 29. Rd7+ Kg6 30. f7 Rxe5 0-1

[Event "*** SCC Grand Prix: Titled Tuesday Blitz"]
[Site "Chess.com"]
[Date "2020.10.13"]
[Round "1"]
[White "Oligan22"]
[Black "LiamVrolijk"]
[Result "0-1"]
[WhiteElo "2435"]
[BlackElo "2831"]
[TimeControl "180+1"]
[EndTime "10:06:08 PDT"]
[Termination "LiamVrolijk won by resignation"]

1. e4 e5 2. Nf3 Nc6 3. Bb5 a6 4. Ba4 g6 5. c3 Bg7 6. d4 exd4 7. cxd4 b5 8. Bb3 Nge7 9. d5 Na5 10. Bd2 c5 11.
dxc6 dxc6 12. Bc3 Qxd1+ 13. Bxd1 O-O 14. Bxa5 Bxb2 15. Bc3 Bxa1 16. Bxa1 c5 17. O-O Bb7 18. Bf6 Rfe8 19. Re1 Nc6 20. Nc3 Nb4 21. a3 Nd3 22. Re3 c4 23. Bc2 Nc5 24. e5 Nd7 25. Ne4 Bxe4 26.
Bxe4 Rad8 27. Bc6 Nxf6 28. Bxe8 Rd1+ 29. Ne1 Nxe8 30. Kf1 Rd8 31. f4 Nc7 32. g4 Rd4 33. Ng2 Nd5 34. Rf3 c3 35. Ne1 Rxf4 36.
Ke2 Re4+ 37. Kd1 Rxe5 38. Rd3 Ne3+ 39. Kc1 Nxg4 40. Nf3 Re3 41. Rd8+ Kg7 42. Nd4 Rh3 43. Rd7 Rxh2 44. Nc6 Ne3 0-1

[Event "*** SCC Grand Prix: Titled Tuesday Blitz"]
[Site "Chess.com"]
[Date "2020.10.13"]
[Round "1"]
[White "Jumbo"]
[Black "diamonds13"]
[Result "1-0"]
[WhiteElo "2802"]
[BlackElo "2410"]
[TimeControl "180+1"]
[EndTime "10:06:09 PDT"]
[Termination "Jumbo won by resignation"]

1. d4 Nf6 2. Bf4 d5 3. e3 c5 4. Nd2 Nc6 5. c3 cxd4 6. exd4 e6 7. Bd3 Bd6 8. Bxd6 Qxd6 9. Ngf3 a6 10. O-O b5 11. Re1 Bb7 12. a4 b4 13. c4 dxc4 14.
Nxc4 Qd8 15. a5 O-O 16. Bf1 Rc8 17. Qd2 h6 18. Red1 Ne4 19. Qf4 Ne7 20. Nfe5 f5 21.
h4 g5 22. hxg5 hxg5 23. Qe3 f4 24. Qh3 Nf5 25. Ng6 Kg7 26. Nxf8 Qxf8 27. Nb6 Rd8 28. Rac1 Qf7 29. d5 Rh8 30. dxe6 Qxe6 31. Rc7+ Kg6 32. Qxh8 Nfg3 33. Qh7+ Kf6 1-0

[Event "*** SCC Grand Prix: Titled Tuesday Blitz"]
[Site "Chess.com"]
[Date "2020.10.13"]
[Round "1"]
[White "TC2304"]
[Black "kingnb"]
[Result "0-1"]
[WhiteElo "2277"]
[BlackElo "2615"]
[TimeControl "180+1"]
[EndTime "10:06:09 PDT"]
[Termination "kingnb won by resignation"]

1. d4 Nf6 2. Bg5 g6 3. Bxf6 exf6 4. e3 Bg7 5. g3 O-O 6. Bg2 f5 7. Ne2 d6 8. c4 Nd7 9. O-O Nf6 10. Nbc3 c6 11. b4 Be6 12. Qd3 Re8 13. a4 Rc8 14.
Nf4 g5 15. Nxe6 fxe6 16. b5 Qd7 17. Rfb1 d5 18. bxc6 bxc6 19. Rb2 Ne4 20. Rab1 Rc7 21. a5 c5 22. Nb5 Rcc8 23. cxd5 exd5 24. a6 f4 25. Bxe4 dxe4 26. Qc4+ Kh8 27. Qf1 Rf8 28. Rd2 fxe3 29. Re2 cxd4 30. Nxd4 Bxd4 31. Rb7 exf2+ 32. Kg2 Qd5 33. Qd1 e3+ 34. Kh3 f1=Q+ 35. Qxf1 Rxf1 0-1

[Event "*** SCC Grand Prix: Titled Tuesday Blitz"]
[Site "Chess.com"]
[Date "2020.10.13"]
[Round "1"]
[White "paulrusan"]
[Black "WildBizon"]
[Result "0-1"]
[WhiteElo "2209"]
[BlackElo "2562"]
[TimeControl "180+1"]
[EndTime "10:06:09 PDT"]
[Termination "WildBizon won by resignation"]

1. e4 c5 2. b4 cxb4 3. Bb2 d5 4. exd5 Qxd5 5. d4 Nc6 6. c4 bxc3 7. Nxc3 Qxd4 8. Nd5 Qe4+ 9. Be2 Bd7 10. Nc7+ Kd8 11.
Nxa8 e5 12. Nf3 Bb4+ 13. Kf1 Nf6 14. Rc1 Ba5 15. Qd6 Re8 16. Bd3 Qd5 17. Qxd5 Nxd5 18. Bc4 Nf4 19. Bxf7 Re7 20. Bc4 e4 21. Nd4 Ne5 22. Bb5 Ned3 23. Bxd7 Rxd7 24. Rc4 Nxb2 25. Rc1 Rxd4 26. g3 Nfd3 27. Rc2 Kd7 28. Kg2 Nc4 29. Rb1 Kc6 30. a4 a6 31. Rb3 Ne1+ 32. Kh3 Nxc2 0-1

[Event "*** SCC Grand Prix: Titled Tuesday Blitz"]
[Site "Chess.com"]
[Date "2020.10.13"]
[Round "1"]
[White "AleksanderHnydiuk"]
[Black "PawnEatingZombie"]
[Result "1-0"]
[WhiteElo "2553"]
[BlackElo "2190"]
[TimeControl "180+1"]
[EndTime "10:06:12 PDT"]
[Termination "AleksanderHnydiuk won on time"]

1. e4 c6 2. d4 d5 3. Nc3 dxe4 4. Nxe4 Bf5 5. Ng3 Bg6 6. h4 h6 7. Nf3 Nd7 8. h5 Bh7 9. Bd3 Bxd3 10. Qxd3 e6 11. Bd2 Ngf6 12. O-O-O Be7 13. Kb1 Qb6 14. Ne4 Rd8 15. Nxf6+ Nxf6 16. c4 c5 17. Bc3 O-O 18. Qe2 cxd4 19. Bxd4 Qc6 20. g4 Nxg4 21. Rhg1 f5 22.
Rde1 Bf6 23. Bxf6 Rxf6 24. Nh4 e5 25. f3 Rfd6 26. fxg4 Rd2 27. Qxe5 Qxc4 28. Qe6+ Qxe6 29. Rxe6 fxg4 30. Rxg4 Rd1+ 31. Kc2 R8d2+ 32. Kc3 1-0

[Event "*** SCC Grand Prix: Titled Tuesday Blitz"]
[Site "Chess.com"]
[Date "2020.10.13"]
[Round "1"]
[White "vaishali2001"]
[Black "aisha_zakirova"]
[Result "1-0"]
[WhiteElo "2550"]
[BlackElo "2176"]
[TimeControl "180+1"]
[EndTime "10:06:12 PDT"]
[Termination "vaishali2001 won by checkmate"]

1. d4 Nf6 2. Bf4 d5 3. e3 c5 4. Nd2 Nc6 5. c3 Bf5 6. Qb3 Qb6 7. dxc5 Qxb3 8. Nxb3 e5 9. Bg3 Ne4 10. Bb5 a6 11.
Bxc6+ bxc6 12. Bxe5 f6 13. Bd4 a5 14. f3 Ng5 15. a4 Ne6 16. Ne2 Be7 17. Kd2 O-O 18. g4 Bg6 19. h4 Rfb8 20. Ra3 Ra7 21. h5 Rab7 22. hxg6 Rxb3 23. gxh7+ Kh8 24. Rxb3 Rxb3 25. Kc2 Rb7 26. Nf4 Nxc5 27. Ng6# 1-0

[Event "*** SCC Grand Prix: Titled Tuesday Blitz"]
[Site "Chess.com"]
[Date "2020.10.13"]
[Round "1"]
[White "Artem_Sadovsky"]
[Black "zurzan"]
[Result "1-0"]
[WhiteElo "2506"]
[BlackElo "1968"]
[TimeControl "180+1"]
[EndTime "10:06:12 PDT"]
[Termination "Artem_Sadovsky won on time"]

1. Nf3 d6 2. g3 f5 3. Bg2 Nf6 4. O-O g6 5. b3 Bg7 6. Bb2 O-O 7. c4 e5 8. d3 Nc6 9. Ne1 h6 10. Nc2 Qe8 11. Nc3 Ne7 12. Nb4 c6 13. Na4 Be6 14. c5 Ned5 15. Nxd5 Bxd5 16. cxd6 Bxg2 17. Kxg2 Rd8 18.
Qc2 Rxd6 19. Ba3 Rd5 20. Bxf8 Qxf8 21. e4 fxe4 22. dxe4 Rd4 23. Nc5 Qf7 24. f3 b6 25. Nd3 Qd7 26. Rad1 Nh5 27. Nb2 c5 28. Rxd4 cxd4 29. Rc1 Nf6 30. Qc8+ Qxc8 31. Rxc8+ Kh7 32. Nd3 Nd7 33. Rc7 1-0

[Event "*** SCC Grand Prix: Titled Tuesday Blitz"]
[Site "Chess.com"]
[Date "2020.10.13"]
[Round "1"]
[White "Beltsychess"]
[Black "gm_rashid"]
[Result "1-0"]
[WhiteElo "2639"]
[BlackElo "2306"]
[TimeControl "180+1"]
[EndTime "10:06:13 PDT"]
[Termination "Beltsychess won on time"]

1. d4 d5 2. Nf3 e6 3. c4 Nf6 4. Qc2 Be7 5. Bg5 O-O 6. Nc3 c5 7.
cxd5 cxd4 8. Nxd4 Nxd5 9. Bxe7 Nxe7 10. Rd1 Bd7 11. e3 Nbc6 12. Ndb5 a6 13. Nd6 Qc7 14.
Be2 Nb4 15. Qb3 Nbd5 16. Nde4 Nxc3 17. Nxc3 Bc6 18. O-O b5 19. e4 Ng6 20. g3 Qb7 21. f3 h5 22. Qb4 Qb6+ 23. Qd4 Qxd4+ 24. Rxd4 1-0